 Dungeon Crawl Stone Soup version 0.15-a0-171-ge5ebe08 (webtiles) character file.

204 PolkaDot the Vexing (level 4, -2/30 HPs)
             Began as a Vampire Enchanter on Apr 18, 2014.
             Slain by a quokka (3 damage)
             ... on Level 3 of the Dungeon.
             The game lasted 00:07:17 (1646 turns).

PolkaDot the Vexing (Vampire Enchanter)             Turns: 1646, Time: 00:07:18

HP  -2/30        AC  3     Str  7      XL: 4   Next: 94%
MP   7/7         EV 12     Int 17      God:
Gold 71          SH  0     Dex 15      Spells:  2 memorised,  3 levels left

rFire  . . .     SeeInvis +     i - +3,+0 dagger (chaos)
rCold  . . .     Clarity  .     b - +1 robe
rNeg   + . .     Conserve .     (no shield)
rPois  .         rCorr    +     (no helmet)
rElec  .         rRot     .     (no cloak)
SustAb . .       Spirit   .     (no gloves)
rMut   .         Warding  .     (no boots)
Saprov . . .     Stasis   .     g - amulet of resist corrosion
MR     .....                    (no ring)
                                k - ring of positive energy {unknown}

@: regenerating quickly, about to teleport, lethally poisoned, not resistant to
hostile enchantments, stealthy
A: fangs 3, see invisible, unbreathing
a: no special abilities


You were on level 3 of the Dungeon.
You were very full.

You visited 1 branch of the dungeon, and saw 3 of its levels.

You collected 71 gold pieces.

Inventory:

Hand weapons
 i - a +3,+0 dagger of chaos (weapon)
Missiles
 d - 12 darts (quivered)
Armour
 b - a +1 robe (worn)
Scrolls
 f - 2 scrolls of remove curse
 l - a scroll of teleportation
 o - a scroll of random uselessness {unknown}
 p - a scroll of noise {unknown}
 r - a scroll of enchant armour {unknown}
 s - a scroll of fog {unknown}
Jewellery
 g - an amulet of resist corrosion (around neck)
 k - a ring of positive energy (left hand) {unknown}
Potions
 e - a potion of mutation {!q}
 m - a potion of lignification
Books
 c - a book of Maledictions

   Spells                             Type                      Level
   *Corona                            Hexes                        1
   Sure Blade                         Hexes/Charms                 2
   Ensorcelled Hibernation            Hexes/Ice                    2
   *Confuse                           Hexes                        3
   Dazzling Spray                     Conjuration/Hexes            3
   Enslavement                        Hexes                        4


   Skills:
 * Level 4.1 Short Blades
 - Level 0.7 Throwing
 - Level 2.1 Dodging
 - Level 3.0 Stealth
 - Level 2.0 Spellcasting
 + Level 6.2 Hexes


You had 3 spell levels left.
You knew the following spells:

 Your Spells              Type           Power        Failure   Level  Hunger
a - Corona                Hex            ###....      1%          1    #......
c - Confuse               Hex            ###.....     6%          3    ####...


Dungeon Overview and Level Annotations

Branches:
Dungeon (3/15)

Altars:
Cheibriados
Xom
Yredelemnul


Innate Abilities, Weirdness & Mutations

Your natural rate of healing is unusually fast.
You have razor-sharp teeth.*
You have supernaturally acute eyesight.
You can survive without breathing.*


Message History

You barely miss the adder. The adder bites you. The quokka bites you.
* * * LOW HITPOINT WARNING * * *
The jackal barely misses you.
You miss the adder. The adder barely misses you. The quokka bites you.
* * * LOW HITPOINT WARNING * * *
The jackal closely misses you.
Read which item? (? for menu, Esc to quit)
As you read the scroll of teleportation, it crumbles to dust.
You feel strangely unstable. The adder barely misses you.
The quokka bites you but does no damage.
The jackal completely misses you. The adder bites you.
* * * LOW HITPOINT WARNING * * *
You are poisoned.
The adder poisons you! The jackal bites you.
* * * LOW HITPOINT WARNING * * *
The quokka barely misses you. The adder bites you.
* * * LOW HITPOINT WARNING * * *
The jackal barely misses you. The quokka bites you.
You die...

##### .......###
.......%@#
######.Shr.......
#..........
#.####..... ..
..[.. .#. ... ..#
#


You could see an adder, a quokka and a jackal.

Vanquished Creatures
  Terence (D:2)
  3 gnolls (D:2)
  2 adders (D:2)
  2 worms (D:2)
  A giant mite (D:1)
  2 orcs (D:2)
  4 bats
  2 giant cockroaches (D:2)
  5 goblins
  11 hobgoblins
  2 jackals (D:3)
  7 kobolds
  3 giant geckos
  3 giant newts
  6 rats
  A spectral orc (D:2)
55 creatures vanquished.

Notes
Turn   | Place    | Note
--------------------------------------------------------------
     0 | D:1      | PolkaDot, the Vampire Enchanter, began the quest for the Orb.
     0 | D:1      | Reached XP level 1. HP: 13/13 MP: 3/3
   197 | D:1      | Reached XP level 2. HP: 19/19 MP: 4/4
   439 | D:1      | Reached skill level 5 in Hexes
   619 | D:1      | Reached XP level 3. HP: 21/24 MP: 6/6
   632 | D:1      | Learned a level 3 spell: Confuse
   687 | D:2      | Found a snail-covered altar of Cheibriados.
  1164 | D:2      | Reached XP level 4. HP: 30/30 MP: 7/7
  1282 | D:2      | Noticed Terence
  1305 | D:2      | Killed Terence
  1316 | D:2      | Found a shimmering altar of Xom.
  1359 | D:2      | Reached skill level 6 in Hexes
  1447 | D:2      | Found a basalt altar of Yredelemnul.
  1646 | D:3      | HP: 1/30 [adder (1)]
  1646 | D:3      | Slain by a quokka

Action                   |  1- 3 |  4- 6 || total
-------------------------+-------+-------++-------
Melee: Dagger            |   175 |    54 ||   229
 Cast: Confuse           |     1 |     2 ||     3
  Use: Potion            |     2 |     6 ||     8
       Scroll            |       |     6 ||     6
 Stab: Sleeping          |     9 |     1 ||    10
       Confused          |     2 |     1 ||     3
